 Dungeon Crawl Stone Soup version 0.31-a0-163-gb40cd77e26 (webtiles) character file.

Game seed: 4990827849480268275

50 qw the Shooter (level 3, -2/32 HPs)
             Began as a Naga Hunter on June 13, 2023.
             Slain by Robin
             ... wielding a +6 club
              (3 damage)
             ... on level 3 of the Dungeon.
             The game lasted 00:00:24 (1305 turns).

qw the Shooter (Naga Hunter)                        Turns: 1305, Time: 00:00:25

Health: -2/32      AC:  2    Str: 13    XL:     3   Next: 79%
Magic:  3/3        EV:  9    Int:  9    God:
Gold:   151        SH:  0    Dex: 16    Spells: 2/2 levels left

rFire   . . .        Y - +1 shortbow
rCold   . . .        (shield currently unavailable)
rNeg    . . .        c - +0 leather armour
rPois   +            (no helmet)
rElec   .            (no cloak)
rCorr   .            (no gloves)
SInv    +            (no barding)
Will    .....        (no amulet)
Stlth   ++           (no ring)
HPRegen 0.25/turn    (no ring)
MPRegen 0.08/turn

%: no passive effects
@: short of breath, very slow
A: AC +1, large, see invisible, deformed body, poison resistance, slowness 2,
spit poison 1, naga tail 1
a: Spit Poison


You were on level 3 of the Dungeon.
You visited 1 branch of the dungeon, and saw 3 of its levels.

You collected 151 gold pieces.


Innate Abilities, Weirdness & Mutations

Your serpentine skin is tough. (AC +1)
You have supernaturally acute eyesight. (SInv)
Armour fits poorly on your strangely shaped body.
Your system is resistant to poisons. (rPois)
You cover ground very slowly.
You can spit poison.
You have a snake-like lower body.


   Skills:
 - Level 2.0 Fighting
 + Level 4.9 Ranged Weapons
 - Level 1.5 Dodging
 - Level 1.5 Stealth


You had 2 spell levels left.
You didn't know any spells.
Your spell library was empty.

Inventory:

Hand Weapons
 Y - a +1 shortbow (weapon)
Armour
 c - a +0 leather armour (worn)
Jewellery
 b - a ring of fire
 g - a ring of resist corrosion
Scrolls
 e - a scroll of torment {unknown}
Potions
 a - a potion of haste {unknown}
 d - 3 potions of curing
 f - a potion of heal wounds {unknown}
 h - a potion of ambrosia {unknown}

Dungeon Overview and Level Annotations

Branches:
Dungeon (3/15)

Altars:

Annotations:
D:3 Robin


Message History

You kill the goblin!
You shoot an arrow. The arrow hits the goblin!
You kill the goblin!
You shoot an arrow. The arrow hits the hobgoblin.
The hobgoblin is severely wounded.
The hobgoblin hits you but does no damage.
You shoot an arrow. The arrow barely misses the hobgoblin.
You have got your breath back.
Robin throws the goblin at you!
The goblin hits you with a +0 short sword.
The hobgoblin hits you.
1301 ||| INVOKING Spit Poison.
Aiming: Spit Poison (2% risk of failure)
Press: ? - help, Shift-Dir - straight line, f/p - hobgoblin The splash of poison misses the hobgoblin.
The goblin barely misses you.
You shoot an arrow. The arrow barely misses the hobgoblin.
The goblin hits you with a +0 short sword.
The hobgoblin hits you. Robin hits you with a +6 club!
The goblin hits you but does no damage. The hobgoblin barely misses you.
You shoot an arrow. The arrow hits the hobgoblin.
The hobgoblin is almost dead.
Robin throws the goblin at you! The hobgoblin hits you.
The goblin barely misses you.
The goblin hits you with a +0 short sword.
You shoot an arrow. The arrow hits the hobgoblin.
You kill the hobgoblin!
You have got your breath back.
Robin says, "My goblins will feast on your bones."
Robin hits you with a +6 club. The goblin hits you with a +0 club.
The goblin hits you with a +0 short sword.
1305 ||| INVOKING Spit Poison.
Aiming: Spit Poison (2% risk of failure)
Press: ? - help, Shift-Dir - straight line, f - Robin The splash of poison hits Robin.
Robin is poisoned.
Robin is moderately wounded.
The goblin hits you with a +0 club.
Robin says, "Bow before me, strongest of all the hobgoblins!"
Robin hits you with a +6 club.
You die...

###########
......g%.># #.g@g.#
#...#.# ##...#%#
###....#.#
#......#g#
#.##...#gg
##.##...#.)
##########..##...#g.
........##.#######


You could see Robin (poisoned) and 2 goblins.

Vanquished Creatures
  An adder (D:2)
  2 orcs
  3 ball pythons (D:2)
  3 endoplasms
  3 giant cockroaches (D:1)
  5 goblins
  5 hobgoblins
  5 kobolds
  A quokka (D:2)
  2 bats (D:2)
  A frilled lizard (D:1)
  3 rats (D:1)
34 creatures vanquished.

Notes
Turn   | Place    | Note
-------+----------+-------------------------------------------
     0 | D:1      | qw the Naga Hunter began the quest for the Orb.
     0 | D:1      | Reached XP level 1. HP: 19/19 MP: 1/1
     0 | D:1      | 0 ||| qw: Version: 0.2-a-29-gc1b59c4
     0 | D:1      | 0 ||| qw: Game counter: 4445
     0 | D:1      | 0 ||| qw: Always use a shield: true
     0 | D:1      | 0 ||| qw: God list: Okawaru
     0 | D:1      | 0 ||| qw: Allow faded altars: false
     0 | D:1      | 0 ||| qw: Do Orc after D:15 true
     0 | D:1      | 0 ||| qw: Do second Lair branch before Depths: true
     0 | D:1      | 0 ||| qw: Lair rune preference: random
     0 | D:1      | 0 ||| qw: Plans: Normal
     0 | D:1      | 0 ||| PLANNING D:1-11
    62 | D:1      | 62 ||| INVOKING Spit Poison.
   128 | D:1      | 128 ||| INVOKING Spit Poison.
   143 | D:1      | Reached skill level 4 in Ranged Weapons
   143 | D:1      | Reached XP level 2. HP: 26/26 MP: 2/2
   219 | D:1      | 219 ||| INVOKING Spit Poison.
   224 | D:1      | 224 ||| INVOKING Spit Poison.
   335 | D:1      | 335 ||| INVOKING Spit Poison.
   518 | D:1      | 518 ||| READING scroll labelled ZEUDAU UCKIYSH.
   519 | D:1      | 519 ||| READING scroll labelled EPNUFO DOIGG.
   520 | D:1      | 520 ||| READING scroll labelled CYHIORASIN.
   521 | D:1      | 521 ||| DRINKING 4 fizzy cyan potions.
   522 | D:1      | 522 ||| DRINKING 2 fuming purple potions.
   523 | D:1      | 523 ||| DROPPING scroll of butterflies.
   524 | D:1      | 524 ||| DROPPING potion of enlightenment.
   563 | D:2      | 563 ||| INVOKING Spit Poison.
   574 | D:2      | 574 ||| INVOKING Spit Poison.
   579 | D:2      | 579 ||| INVOKING Spit Poison.
   591 | D:2      | Reached XP level 3. HP: 12/32 MP: 3/3
   838 | D:2      | 838 ||| INVOKING Spit Poison.
   941 | D:2      | 941 ||| INVOKING Spit Poison.
   983 | D:2      | 983 ||| INVOKING Spit Poison.
  1002 | D:2      | 1002 ||| INVOKING Spit Poison.
  1050 | D:2      | 1050 ||| INVOKING Spit Poison.
  1163 | D:2      | 1163 ||| READING scroll labelled HOPNIS RESHOENKO.
  1164 | D:2      | 1164 ||| READING scroll labelled BUKHITHR CAJER.
  1217 | D:3      | 1217 ||| INVOKING Spit Poison.
  1241 | D:3      | 1241 ||| INVOKING Spit Poison.
  1291 | D:3      | 1291 ||| INVOKING Spit Poison.
  1294 | D:3      | Noticed Robin
  1295 | D:3      | 1295 ||| Stepping ~*~*~tactically~*~*~ (outnumbered).
  1296 | D:3      | 1296 ||| INVOKING Spit Poison.
  1301 | D:3      | 1301 ||| INVOKING Spit Poison.
  1303 | D:3      | HP: 8/32 [goblin/+0 short sword[Robin] (1)]
  1304 | D:3      | HP: 3/32 [goblin/+0 club[Robin] (1)]
  1304 | D:3      | HP: 1/32 [goblin/+0 short sword[Robin] (2)]
  1305 | D:3      | 1305 ||| INVOKING Spit Poison.
  1305 | D:3      | Slain by Robin

Levels and vault maps discovered:
D:1:      amcnicky_arrival_single_pillar, layout_loops_ring
D:2:      layout_loops_ring, nicolae_elevator_lobby_asterisk
D:3:      layout_basic, chequers_temple_overflow_minitemple,
          basic_ecumenical_altar, hangedman_decor_growths, uniq_natasha,
          uniq_sigmund, uniq_robin

Skill      XL: |  1 |
---------------+----+-----
Ranged Weapons | 4 |  4.9
Fighting       | |  2.0
Dodging        | |  1.5
Stealth        | |  1.5

Action                     || total
---------------------------++-------
   Fire: Shortbow          ||    61
Ability: Spit Poison       ||    19
    Use: Scroll            ||     5
         Potion            ||     2
 Armour: Leather armour    ||     8
  Dodge: Dodged            ||    10

Table legend:
 A = Non-vault XP
 B = Vault XP
 C = Vault XP percentage of total XP
 D = Non-vault monster count
 E = Vault monster count
 F = Vault count percentage of total count
                 A         B        C        D         E       F
            +---------+---------+-------+---------+---------+-------
      Total |      63 |       9 |  12.5 |      29 |       5 |  14.7
            +---------+---------+-------+---------+---------+-------
        D:1 |      18 |       0 |   0.0 |      11 |       0 |   0.0
        D:2 |      35 |       0 |   0.0 |      13 |       0 |   0.0
        D:3 |      10 |       9 |  47.4 |       5 |       5 |  50.0
            +---------+---------+-------+---------+---------+-------
